 Dungeon Crawl Stone Soup version 0.20-a0-435-gf4ea4dd (webtiles) character file.

2068183 kuniqs the Warrior (level 24, 136/136 HPs)
             Began as a Vine Stalker Artificer on Jan 5, 2017.
             Was a High Priest of Elyvilon.
             Escaped with the Orb
             ... and 3 runes on Jan 7, 2017!
             The game lasted 02:23:11 (42390 turns).

kuniqs the Warrior (Vine Stalker Artificer)        Turns: 42390, Time: 02:23:12

Health: 136/136    AC: 38    Str: 22    XL:     24   Next: 54%
Magic:  30/30      EV: 17    Int: 16    God:    Elyvilon [*****.]
Gold:   3615       SH: 21    Dex: 19    Spells: 22/23 levels left

rFire  + . .     SeeInvis +     I - +9 eveningstar (freeze)
rCold  + . .     Gourm    .     h - +6 plate armour of Quantum Leap {-Cast rElec rC+ Dex+2}
rNeg   . . .     Faith    .     r - +6 shield "Hoirodigro" {rElec rPois MR++ Dex-3 SInv}
rPois  +         Spirit   +     j - +2 helmet
rElec  +         Reflect  .     i - +2 cloak {rF+}
rCorr  +         Harm     .     n - +2 pair of gloves {archery}
MR     +++++     NoCast   +     S - +2 pair of boots of Qecvab {rElec rCorr Int+5 Stlth+}
Stlth  +.........               z - amulet of regeneration
                                G - +6 ring of slaying
                                b - +4 ring of slaying

@: no status effects
A: fangs 3, regeneration 2, magic shield, antimagic bite, no potion heal 3, rot
immunity
0: Orb of Zot
}: 3/15 runes: decaying, slimy, gossamer
a: Lesser Healing, Heal Other, Purification, Greater Healing, Divine Vigour,
Divine Protection, Renounce Religion


You escaped.
You worshipped Elyvilon.
Elyvilon was extremely pleased with you.
You were completely stuffed.

You visited 10 branches of the dungeon, and saw 50 of its levels.
You visited 1 ziggurat, and saw 5 of its levels.
You also visited: Ossuary, Bailey, Ice Cave and Volcano.

You collected 6073 gold pieces.
You spent 2458 gold pieces at shops.

Inventory:

Hand Weapons
 c - the +6 shillelagh "Devastator" {shatter}
   (You found it on level 5 of the Lair of Beasts)
 I - a +9 eveningstar of freezing (weapon)
Missiles
 O - 14 throwing nets (quivered)
Armour
 h - the +6 plate armour of Quantum Leap (worn) {-Cast rElec rC+ Dex+2}
   (You found it on level 5 of a ziggurat)

   It affects your dexterity (+2).
   It protects you from cold.
   It insulates you from electricity.
   It prevents spellcasting.
 i - a +2 cloak of fire resistance (worn)
 j - a +2 helmet (worn)
 n - a +2 pair of gloves of archery (worn)
 r - the +6 shield "Hoirodigro" (worn) {rElec rPois MR++ Dex-3 SInv}
   (You found it on level 7 of the Dungeon)

   It affects your dexterity (-3).
   It insulates you from electricity.
   It protects you from poison.
   It affects your resistance to hostile enchantments.
   It lets you see invisible.
 S - the +2 pair of boots of Qecvab (worn) {rElec rCorr Int+5 Stlth+}
   (You bought it in a shop on level 2 of the Orcish Mines)

   It affects your intelligence (+5).
   It insulates you from electricity.
   It protects you from acid and corrosion.
   It makes you more stealthy.
Jewellery
 b - a +4 ring of slaying (left hand)
 z - an amulet of regeneration (around neck)
 G - a +6 ring of slaying (right hand)
 Q - the amulet of the Catamount {Spirit +Blink rElec rC+++ Str-3}
   (You found it on level 5 of the Pits of Slime)

   [amulet of guardian spirit]

   It causes incoming damage to be split between your health and magic.
   It affects your strength (-3).
   It renders you almost immune to cold.
   It insulates you from electricity.
   It lets you blink.
 W - the ring of Ufonoxas {rCorr Str+10 Int-5 Stlth+}
   (You bought it in a shop on level 15 of the Dungeon)

   [ring of resist corrosion]

   It affects your strength (+10).
   It affects your intelligence (-5).
   It makes you more stealthy.
Wands
 k - a wand of iceblast (3/15)
 q - a wand of digging (16/24)
 y - a wand of digging (0/24)
 F - a wand of acid (3/15)
Scrolls
 a - a scroll of summoning
 e - a scroll of holy word
 m - 12 scrolls of teleportation
 o - a scroll of silence
 p - 7 scrolls of fear
 u - 10 scrolls of fog
 w - 5 scrolls of enchant armour
 A - 20 scrolls of remove curse {@r2}
 D - 8 scrolls of immolation
 E - a scroll of identify {@r1}
 H - 5 scrolls of blinking
 N - 5 scrolls of recharging
Potions
 l - a potion of resistance
 s - 2 potions of berserk rage
 t - 5 potions of magic
 v - 20 potions of curing {@q1}
 x - 3 potions of invisibility
 B - 3 potions of agility
 C - 4 potions of might
 J - a potion of cure mutation
 L - 3 potions of haste
 M - a potion of cancellation
 Z - a potion of flight
Miscellaneous
 K - 3 boxes of beasts
 U - 3 sacks of spiders
 X - a lightning rod (4/4)
Comestibles
 d - 15 bread rations
 f - 30 fruits
 g - 16 beef jerkies


   Skills:
 + Level 17.2 Fighting
   Level 1.6(9.4) Short Blades
   Level 14.0 Long Blades
 - Level 16.0 Maces & Flails
 + Level 16.1 Armour
 - Level 14.7 Dodging
 - Level 9.9 Stealth
 - Level 15.0 Shields
 - Level 9.0 Invocations
 - Level 2.6 Evocations


You had 22 spell levels left.
You knew the following spells:

 Your Spells              Type           Power        Failure   Level  Hunger
a - Apportation           Tloc           #.........   99%         1    ##.....


Dungeon Overview and Level Annotations

Branches:
Dungeon (15/15)            Temple (1/1) D:7            Lair (6/6) D:10
  Swamp (4/4) Lair:3       Spider (4/4) Lair:2        Slime (5/5) Lair:5
    Orc (2/2) D:12            Elf (3/3) Orc:2        Vaults (0/5) D:13
 Depths (5/5) D:15            Zot (5/5) Depths:5

Altars:
Ashenzari
Cheibriados
Dithmenos
Elyvilon
Fedhas
Gozag
Hepliaklqana
Kikubaaqudgha
Makhleb
Nemelex Xobeh
Okawaru
Qazlal
Ru
Sif Muna
Trog
Uskayaw
Vehumet
Xom
Yredelemnul
Zin
The Shining One
Jiyva

Shops:
D:7 ?   D:10 }   D:15 =   Orc:2 :*[(   Depths:1 *   Depths:3 *   Depths:4 [

Portals:
Hell: Depths:1 Depths:2 Depths:3 Depths:4 Depths:5
Abyss: Depths:1 Depths:4
Pandemonium: Depths:3 Depths:5

Annotations:
Swamp:4 Roxanne
Depths:3 exclusion: door


Innate Abilities, Weirdness & Mutations

You have razor-sharp teeth.
You heal very quickly.
When hurt, damage is shared between your health and your magic reserves.
Your bite disrupts and absorbs the magic of your enemies.
Potions cannot restore your health.
You are immune to rotting.


Message History

The rock shatters into small pieces.
This wand has 0 charges left.
An Orb Guardian comes into view.
You impale the Orb Guardian!! You freeze the Orb Guardian.
You bite the Orb Guardian! You drain its power.
The Orb Guardian hits you but does no damage.
You hit the Orb Guardian. You freeze the Orb Guardian.
You bite the Orb Guardian. You drain its power.
You block the Orb Guardian's attack.
You puncture the Orb Guardian! You freeze the Orb Guardian!
You bite the Orb Guardian, but do no damage.
You block the Orb Guardian's attack.
You hit the Orb Guardian. You freeze the Orb Guardian.
You bite the Orb Guardian! You drain its power.
You kill the Orb Guardian!
This wand has no charges.
The rock shatters into small pieces.
This wand has 16 charges left.
There is a staircase leading out of the dungeon here.
You can't go down here!
Unknown command.
You have escaped!

........# ##############.## #....
........################.## ####.
........#..............#.## #.
........#.############.+.## ##
.......##.#..........#.#.## #
.......##.#.########.#.#.########
.......##.#.#......#.#.#.#.......
#########.#.#.####.#.#.#.#.######
.# ##.#.#.#.@#.#.#.#.#.#..... .#
##.#.'.#..#.#.#.#.#.#.#### .#
##.#.#.#.##.#.#.#.#.#.#### .#
##.#.#.#............#..... .#
##.#.#.######.#.#.#....... .#
##.#.#........#.'.#....... ##
##.#.##########.#.#.#.....
##.#............#.#.#.....
##.############'#.#.#.....


There were no monsters in sight!

Vanquished Creatures
  the Royal Jelly (Slime:5)
  3 orbs of fire (Zot:5)
  An ancient lich (Zot:5)
  4 Killer Klowns (Zot:5)
  A curse toe (Zot:5)
  A pandemonium lord (Zot:5)
  3 golden dragons
  3 electric golems
  A tentacled monstrosity (Zig:3)
  25 Orb Guardians
  2 quicksilver dragons
  The ghost of 100P the Devastator, an adept DsWz of Vehumet (Swamp:4)
  2 deep elf blademasters (Elf:3)
  13 acid blobs
  A death cob (Zot:5)
  2 deep elf master archers (Elf:3)
  An Executioner (Zot:3)
  A sphinx (Depths:4)
  A thorn hunter (Swamp:4)
  A shadow dragon (Zot:3)
  Donald (Orc:1)
  A tengu reaver (Depths:4)
  2 storm dragons
  Kirke (Spider:3)
  5 frost giants
  5 fire giants
  7 azure jellies
  2 ghost moths (Spider:4)
  A draconian knight (Zot:1)
  Aizul (Elf:1)
  5 emperor scorpions (Spider:4)
  A balrug (Depths:2)
  3 draconian scorchers (Zot:4)
  2 deep elf elementalists
  2 orc warlords
  An iron dragon (Depths:4)
  A reaper (Zot:5)
  A draconian stormcaller (Depths:5)
  8 stone giants
  8 entropy weavers
  An apis (Zig:1)
  4 black draconians
  5 green draconians
  4 vampire knights
  3 red draconians
  5 very ugly things
  10 deep elf demonologists
  The ghost of zkyp the Evocator, a journeyman SpAr of Gozag (Elf:1)
  2 white draconians
  12 deep elf annihilators
  4 purple draconians
  A yellow draconian (Depths:5)
  A dire elephant (D:15)
  5 spark wasps
  11 crystal guardians (Depths:4)
  Snorg (D:14)
  4 death oozes (Slime:5)
  4 deep elf death magi
  9 ettins
  Josephine (D:15)
  3 deep elf high priests (Elf:3)
  11 fire dragons
  2 yaktaur captains
  2 vault guards (D:13)
  7 rakshasas
  2 spriggan air magi
  Harold (Lair:4)
  5 great orbs of eyes
  A quicksilver dragon skeleton (Depths:3)
  7 ice dragons
  5 hydras
  A catoblepas (D:14)
  7 centaur warriors
  A ghost crab (Swamp:3)
  24 dancing weapons
  3 ogre magi (Depths:1)
  15 two-headed ogres
  A death knight (D:14)
  11 alligators
  7 deep troll shamans
  A thrashing horror (Zig:4)
  7 deep troll earth magi
  2 tengu warriors
  Urug (Lair:3)
  5 sun demons
  15 deep elf knights
  4 orc high priests (Orc:2)
  Sonja (Lair:1)
  4 soul eaters (Depths:3)
  6 iron trolls
  A fire crab (Lair:6)
  23 deep trolls
  2 spatial maelstroms (Zig:4)
  3 skeletal warriors
  A storm dragon zombie (Depths:3)
  A shadow demon (Zot:5)
  4 wizards
  13 swamp dragons
  4 spriggan druids
  2 glowing orange brains
  An unseen horror (D:10)
  A flayed ghost (Depths:2)
  3 lindwurms (Swamp:4)
  A shambling mangrove (Swamp:2)
  5 large abominations
  An orange crystal statue (Depths:4)
  2 phantasmal warriors (D:14)
  16 deep elf archers
  52 deep elf magi
  4 orc knights
  Pikel (D:7)
  7 oklob plants
  9 necromancers
  2 anaconda skeletons (Volcano)
  16 orb spiders
  39 wolf spiders
  10 ugly things
  A tengu skeleton (Depths:2)
  A manticore (D:15)
  3 orc sorcerers (Orc:2)
  A shining eye (Slime:5)
  9 moths of wrath
  6 cyclopes
  A frost giant zombie (Depths:2)
  An elephant (D:10)
  8 black mambas
  An ice statue (IceCv)
  A smoke demon (Zot:5)
  17 spiny frogs
  4 centaur zombies
  A rust devil (Zot:5)
  3 molten gargoyles (Lair:6)
  2 eyes of devastation (Slime:5)
  3 torpor snails
  11 komodo dragons
  A hellion (Zot:3)
  4 gargoyles
  4 rime drakes
  18 yaktaurs
  5 kobold demonologists
  A tormentor (Depths:1)
  3 ice devils
  8 freezing wraiths
  11 demonic crawlers
  31 jumping spiders
  An elf skeleton (Depths:3)
  A troll (shapeshifter) (D:15)
  2 hornets (shapeshifter)
  A queen bee (Spider:4)
  4 polar bears (Lair:4)
  3 meliai (Spider:4)
  5 trolls
  7 tyrant leeches
  27 blink frogs
  19 hornets
  11 hippogriffs
  8 bog bodies
  A harpy skeleton (D:15)
  A raiju (Zig:4)
  A dream sheep (Lair:4)
  3 spriggan zombies
  46 slime creatures
  3 flying skulls (Volcano)
  28 tarantellas
  8 spriggans
  6 air elementals
  3 shadows
  9 wraiths
  A wyvern (shapeshifter) (D:15)
  12 wyverns
  81 redbacks
  3 water elementals
  4 basilisks
  5 fire elementals
  4 hogs
  17 humans (D:13)
  35 yaks
  4 hungry ghosts
  13 vampire mosquitoes
  A steam dragon (Swamp:4)
  A death yak simulacrum (IceCv)
  A small abomination (Zig:4)
  14 insubstantial wisps
  A warg (shapeshifter) (Depths:1)
  A warg (Orc:1)
  A soldier ant (D:14)
  26 swamp worms
  2 acid dragons
  4 hell hounds (Lair:6)
  16 water moccasins
  5 porcupines
  39 orc warriors
  13 swamp drakes
  A slave (D:7)
  12 ice beasts
  A sky beast (shapeshifter) (Depths:2)
  3 sky beasts
  2 eyes of draining (Slime:5)
  5 phantoms
  22 ogres
  32 wolves
  13 centaurs
  13 crocodiles
  7 big kobolds
  A wyvern zombie (D:14)
  10 gnoll sergeants
  Blork the orc (D:4)
  15 bullfrogs
  An elf zombie (Elf:1)
  3 earth elementals
  3 water moccasin zombies (Ossuary)
  A wyvern skeleton (D:14)
  2 water moccasin skeletons
  5 scorpions
  33 killer bees
  An elephant simulacrum (IceCv)
  7 wights
  2 troll skeletons (Volcano)
  An oklob sapling (D:13)
  3 lava snakes (Lair:6)
  2 electric eels (Lair:3)
  9 crimson imps
  8 draconian simulacra (IceCv)
  A quasit (Depths:3)
  7 jellies
  2 bullfrog skeletons
  13 hounds
  29 orc wizards
  31 orc priests
  5 centaur skeletons
  6 gnoll shamans (Bailey)
  Jessica (D:3)
  2 iguanas
  2 polar bear simulacra (IceCv)
  9 worker ants
  A troll simulacrum (IceCv)
  2 spriggan simulacra (IceCv)
  3 killer bee zombies
  3 centaur simulacra (IceCv)
  2 big kobold zombies (Ossuary)
  A naga skeleton (Volcano)
  A hound skeleton (D:8)
  2 mummies (Ossuary)
  4 worker ant zombies
  A howler monkey zombie (D:5)
  Robin (D:2)
  A howler monkey skeleton (D:7)
  28 gnolls
  2 naga simulacra (IceCv)
  15 adders
  4 ogre simulacra (IceCv)
  10 river rats (D:6)
  3 shadow imps
  13 white imps
  6 oozes
  10 adder zombies
  A worm (D:3)
  5 leopard geckos
  72 orcs
  9 giant cockroaches
  3 gnoll zombies (Ossuary)
  19 goblins
  13 hobgoblins
  11 jackals
  16 kobolds
  10 quokkas
  10 ball pythons
  10 bats
  2 frilled lizards
  5 hobgoblin zombies (Ossuary)
  6 kobold zombies (Ossuary)
  2 leopard gecko skeletons
  7 orc zombies (Ossuary)
  A quokka skeleton (D:5)
  23 rats
  A bush (D:13)
  A butterfly (Lair:5)
  33 plants
1962 creatures vanquished.

Vanquished Creatures (collateral kills)
  An orb spider (Zig:5)
  2 shining eyes (Slime:1)
  A torpor snail (Zig:5)
  2 freezing wraiths (IceCv)
  4 slime creatures (Slime:1)
  A redback (Zig:5)
  A tarantella (Zig:5)
  An ice beast (IceCv)
  2 orcs (D:12)
15 creatures vanquished.

Vanquished Creatures (others)
  4 hydras
  2 deep elf knights
  A swamp dragon (Swamp:4)
  A deep elf mage (Elf:1)
  A moth of wrath (Zot:5)
  A spiny frog (Swamp:4)
  A freezing wraith (IceCv)
  A jumping spider (Spider:3)
  A red devil (D:4)
  2 spriggans (Swamp:4)
  A human (Spider:3)
  A ynoxinul (Zot:5)
  A vampire mosquito (Swamp:4)
  2 steam dragons (Swamp:4)
  2 insubstantial wisps (Swamp:3)
  5 swamp drakes
  A centaur (Depths:4)
  An ogre (Depths:1)
  A small abomination (Zot:5)
  2 orc wizards (D:12)
  An orc (D:12)
  A butterfly (Lair:6)
  6 fungi
  26 plants
66 creatures vanquished.

Grand Total: 2043 creatures vanquished

Notes
Turn   | Place    | Note
-------+----------+-------------------------------------------
     0 | D:1      | kuniqs the Vine Stalker Artificer began the quest for the Orb.
     0 | D:1      | Reached XP level 1. HP: 9/9 MP: 3/3
   178 | D:1      | Reached skill level 1 in Fighting
   488 | D:1      | Reached XP level 2. HP: 7/14 MP: 3/5
  1154 | D:1      | Reached XP level 3. HP: 18/18 MP: 6/6
  1172 | D:1      | Reached skill level 2 in Fighting
  1324 | D:1      | Reached skill level 1 in Short Blades
  1770 | D:2      | Gained mutation: Your natural rate of healing is unusually fast. [Vine Stalker growth]
  1770 | D:2      | Reached XP level 4. HP: 22/23 MP: 7/7
  1941 | D:2      | Noticed Robin
  1949 | D:2      | Killed Robin
  2386 | D:3      | Noticed Jessica
  2396 | D:3      | Killed Jessica
  2396 | D:3      | Reached skill level 1 in Long Blades
  2396 | D:3      | Reached XP level 5. HP: 28/28 MP: 8/8
  3100 | D:4      | Reached skill level 3 in Fighting
  3365 | D:4      | Noticed an orc warrior
  3365 | D:4      | Noticed Blork the orc
  3386 | D:4      | Killed an orc warrior
  3386 | D:4      | Reached XP level 6. HP: 24/32 MP: 5/9
  3388 | D:5      | Entered Level 5 of the Dungeon
  3415 | D:4      | Killed Blork the orc
  3547 | D:4      | Reached XP level 7. HP: 26/37 MP: 8/10
  3944 | D:4      | Reached skill level 4 in Fighting
  3975 | D:4      | Found a stormy altar of Qazlal.
  4457 | D:6      | Gained mutation: You have razor-sharp teeth. [Vine Stalker growth]
  4457 | D:6      | Reached XP level 8. HP: 30/42 MP: 8/11
  4674 | D:6      | Reached skill level 5 in Fighting
  4683 | D:6      | Noticed a yak
  4684 | D:6      | Noticed a yak
  4686 | D:6      | Noticed a yak
  4698 | D:6      | Killed a yak
  4698 | D:6      | Reached skill level 5 in Dodging
  4710 | D:6      | Killed a yak
  4710 | D:6      | Reached skill level 5 in Stealth
  4740 | D:6      | Killed a yak
  4740 | D:6      | Reached XP level 9. HP: 36/47 MP: 9/12
  5239 | D:6      | Reached skill level 6 in Fighting
  5326 | D:6      | Reached skill level 5 in Long Blades
  5375 | D:7      | Found a sand-covered staircase.
  5384 | Ossuary  | Entered an ossuary
  5609 | D:7      | Found Nez Soty's Magic Scroll Shoppe.
  5619 | D:7      | Bought a scroll of enchant armour for 90 gold pieces
  5619 | D:7      | Bought a scroll of identify for 24 gold pieces
  5619 | D:7      | Bought a scroll of recharging for 114 gold pieces
  5619 | D:7      | Bought a scroll of identify for 24 gold pieces
  5700 | D:7      | Found a staircase to the Ecumenical Temple.
  5721 | Temple   | Entered the Ecumenical Temple
  6027 | D:7      | Found a shadowy altar of Dithmenos.
  6357 | D:7      | Found a bloodstained altar of Trog.
  6358 | D:7      | Got a faintly glowing shield
  6364 | D:7      | Identified the +6 shield "Hoirodigro" {rElec rPois MR++ Dex-3 SInv} (You found it on level 7 of the Dungeon)
  6377 | D:7      | Noticed Pikel
  6405 | D:7      | Killed Pikel
  6405 | D:7      | Reached skill level 1 in Shields
  6405 | D:7      | Reached XP level 10. HP: 53/53 MP: 13/13
  6787 | D:8      | Found a shadowy altar of Dithmenos.
  6894 | D:8      | Reached skill level 7 in Fighting
  7096 | D:8      | Found a white marble altar of Elyvilon.
  7126 | D:8      | Became a worshipper of Elyvilon the Healer
  7355 | D:8      | Reached skill level 1 in Invocations
  7847 | D:9      | Reached * piety under Elyvilon
  8140 | D:9      | Got a dull robe
  8151 | D:9      | Identified the +1 robe of Greed {MR+} (You found it on level 9 of the Dungeon)
  8305 | D:9      | Reached ** piety under Elyvilon
  8348 | D:9      | Reached XP level 11. HP: 34/59 MP: 14/14
  8483 | D:9      | Learned a level 1 spell: Apportation
  8554 | D:9      | Found a shattered altar of Ashenzari.
  8737 | D:10     | Entered Level 10 of the Dungeon
  8830 | D:10     | Found a flagged portal.
  8846 | Bailey   | Entered a bailey
  9099 | Bailey   | Reached skill level 8 in Fighting
  9313 | Bailey   | Got a twisted chain mail
  9327 | Bailey   | Identified the +6 chain mail of Xabus {rPois Dex+3} (You found it in a bailey)
  9327 | Bailey   | WHEEE
  9564 | D:10     | Reached *** piety under Elyvilon
  9582 | D:10     | Noticed an unseen horror
  9595 | D:10     | Killed an unseen horror
  9650 | D:10     | Found a staircase to the Lair.
  9668 | D:10     | Reached skill level 1 in Armour
  9734 | D:10     | Noticed a two-headed ogre
  9754 | D:10     | Killed a two-headed ogre
  9995 | D:10     | Found Boaxzilu's Gadget Shop.
 10093 | D:11     | Noticed a cyclops
 10094 | D:11     | Noticed a rakshasa
 10219 | D:11     | Noticed a centaur warrior
 10310 | D:12     | Noticed a two-headed ogre
 10332 | D:12     | Killed a two-headed ogre
 10354 | D:12     | Found an opulent altar of Gozag.
 10375 | D:12     | Found a staircase to the Orcish Mines.
 10393 | D:12     | Noticed a six-headed hydra
 10402 | D:12     | Pacified a six-headed hydra
 10402 | D:12     | Reached skill level 5 in Shields
 10599 | D:12     | Found a frozen archway.
 10609 | IceCv    | Entered an ice cave
 10746 | IceCv    | Gained mutation: You heal very quickly. [Vine Stalker growth]
 10746 | IceCv    | Reached XP level 12. HP: 65/65 MP: 16/16
 11092 | IceCv    | Reached skill level 5 in Invocations
 11242 | IceCv    | Got a translucent hat
 11253 | IceCv    | Identified the +0 hat of Life {rElec} (You found it in an ice cave)
 11324 | IceCv    | Found an ancient bone altar of Kikubaaqudgha.
 11498 | IceCv    | Reached skill level 9 in Fighting
 11896 | D:11     | Noticed a soul eater
 12005 | D:11     | Noticed a sun demon
 12078 | D:11     | Found a shimmering altar of Xom.
 12078 | D:11     | Found a shimmering altar of Xom.
 12162 | D:11     | Found a shimmering altar of Xom.
 12162 | D:11     | Found a shimmering altar of Xom.
 12162 | D:11     | Found a shimmering altar of Xom.
 12164 | D:11     | Found a shimmering altar of Xom.
 12164 | D:11     | Found a shimmering altar of Xom.
 12181 | D:11     | Noticed a soul eater
 12444 | D:11     | Noticed a two-headed ogre
 12459 | D:11     | Killed a two-headed ogre
 12656 | D:11     | Reached **** piety under Elyvilon
 12663 | D:11     | Killed a centaur warrior
 12663 | D:11     | Reached XP level 13. HP: 65/70 MP: 15/18
 13840 | D:13     | Reached skill level 5 in Armour
 13947 | D:13     | Found a gate to the Vaults.
 13947 | D:13     | Noticed a vault guard
 13947 | D:13     | Noticed a vault guard
 13995 | D:13     | Killed a vault guard
 14004 | D:13     | Killed a vault guard
 14387 | D:13     | Reached skill level 10 in Fighting
 15304 | D:14     | Noticed Snorg
 15318 | D:14     | Killed Snorg
 15438 | D:15     | Entered Level 15 of the Dungeon
 15474 | D:14     | Reached XP level 14. HP: 74/77 MP: 18/20
 15612 | D:15     | Found Ucunwac's Jewellery Boutique.
 15733 | D:15     | Noticed Josephine
 15763 | D:15     | Killed Josephine
 15933 | D:15     | Reached ***** piety under Elyvilon
 16280 | D:15     | Found a staircase to the Depths.
 16280 | D:15     | Noticed a dire elephant
 16324 | D:15     | Killed a dire elephant
 16475 | D:15     | Bought the ring of Ufonoxas {rCorr Str+10 Int-5 Stlth+} for 564 gold pieces
 16613 | Orc:1    | Entered Level 1 of the Orcish Mines
 16631 | Orc:2    | Entered Level 2 of the Orcish Mines
 16631 | Orc:2    | Noticed an orc warlord
 16642 | Orc:1    | Reached skill level 10 in Long Blades
 16887 | Orc:1    | Killed an orc warlord
 17124 | Orc:2    | Noticed Donald
 17158 | Orc:1    | Killed Donald
 17562 | Lair:1   | Entered Level 1 of the Lair of Beasts
 17605 | Lair:1   | Noticed Sonja
 17627 | Lair:1   | Killed Sonja
 18515 | Lair:2   | Found a hole to the Spider Nest.
 18712 | Lair:3   | Reached ****** piety under Elyvilon
 19280 | Lair:3   | Reached skill level 11 in Fighting
 19746 | Lair:3   | Noticed Urug
 19806 | Lair:3   | Killed Urug
 19806 | Lair:3   | Reached XP level 15. HP: 82/82 MP: 22/22
 19908 | Lair:3   | Found a staircase to the Swamp.
 20188 | Lair:4   | Noticed Harold
 20243 | Lair:4   | Killed Harold
 21680 | Lair:6   | Entered Level 6 of the Lair of Beasts
 21790 | Lair:6   | Found a dark tunnel.
 21805 | Volcano  | Entered a volcano
 22101 | Lair:6   | Reached skill level 10 in Dodging
 22920 | Lair:5   | Found a runed door.
 22924 | Lair:5   | Found a viscous altar of Jiyva.
 22925 | Lair:5   | Found a staircase to the Slime Pits.
 23203 | Lair:6   | Found a large runed door.
 23203 | Lair:6   | Found a large runed door.
 23212 | Lair:6   | Reached XP level 16. HP: 78/88 MP: 23/23
 23285 | Lair:6   | Reached skill level 10 in Shields
 23294 | Lair:6   | Got a jewelled ring mail
 23305 | Lair:6   | Identified the +2 ring mail of the Leaf {Str+3} (You found it on level 6 of the Lair of Beasts)
 23414 | Lair:6   | Reached skill level 12 in Fighting
 24144 | Orc:2    | Found a staircase to the Elven Halls.
 24792 | Orc:2    | Found Xana's Antique Armour Shop.
 24793 | Orc:2    | Found Buext's Antique Weapon Boutique.
 24794 | Orc:2    | Found Ytonoici's General Store.
 24794 | Orc:2    | Found Fesezerr's Book Shop.
 24940 | Orc:2    | Bought a fine scimitar for 378 gold pieces
 24940 | Orc:2    | Identified the +9 scimitar of the Mouth {venom, Fragile MR++} (You bought it in a shop on level 2 of the Orcish Mines)
 24960 | Orc:2    | Bought a faintly humming scale mail for 261 gold pieces
 24960 | Orc:2    | Bought a pair of spiked boots for 275 gold pieces
 24970 | Orc:2    | Identified the +0 scale mail of the Battered Ships {rF+ Regen+} (You bought it in a shop on level 2 of the Orcish Mines)
 24998 | Orc:2    | Identified the +2 pair of boots of Qecvab {rElec rCorr Int+5 Stlth+} (You bought it in a shop on level 2 of the Orcish Mines)
 25810 | Swamp:1  | Entered Level 1 of the Swamp
 25902 | Spider:1 | Entered Level 1 of the Spider Nest
 27326 | Spider:3 | Reached XP level 17. HP: 84/94 MP: 24/24
 27449 | Spider:3 | Noticed Kirke
 27478 | Spider:3 | Killed Kirke
 27748 | Spider:4 | Entered Level 4 of the Spider Nest
 27784 | Spider:4 | Reached skill level 13 in Fighting
 28009 | Spider:4 | Reached skill level 10 in Armour
 28768 | Spider:4 | Reached XP level 18. HP: 100/100 MP: 25/25
 28786 | Spider:4 | Got a gossamer rune of Zot
 29440 | Swamp:1  | Found an opulent altar of Gozag.
 30562 | Swamp:3  | Found a basalt altar of Yredelemnul.
 31297 | Swamp:4  | Entered Level 4 of the Swamp
 31454 | Swamp:4  | Reached skill level 14 in Fighting
 31561 | Swamp:4  | Got a decaying rune of Zot
 31759 | Swamp:4  | Noticed Roxanne
 31803 | Swamp:4  | Noticed 100P's ghost (adept DsWz)
 31820 | Swamp:4  | Killed 100P's ghost
 31850 | Swamp:4  | Got a polished chain mail
 31851 | Swamp:4  | Identified the +0 chain mail "Mubbeosem" {rPois rN++ Dex+2} (You found it on level 4 of the Swamp)
 32008 | Swamp:4  | Reached XP level 19. HP: 106/106 MP: 26/26
 32398 | Elf:1    | Entered Level 1 of the Elven Halls
 32892 | Elf:1    | Noticed Aizul
 32895 | Elf:1    | Noticed zkyp's ghost (journeyman SpAr)
 32918 | Elf:1    | Killed zkyp's ghost
 32921 | Elf:1    | Killed Aizul
 33045 | Elf:1    | Identified Umyiwobe's Volume of Stolen Souls
 33093 | Elf:1    | Identified the +0 leather armour "Zuinyar" {Str+2 Dex+4} (You found it on level 1 of the Elven Halls)
 33424 | Elf:2    | Found a huge runed gate.
 33424 | Elf:2    | Found a huge runed gate.
 33424 | Elf:2    | Found a huge runed gate.
 33424 | Elf:2    | Found a huge runed gate.
 33426 | Elf:2    | Found a huge runed gate.
 33895 | Elf:3    | Entered Level 3 of the Elven Halls
 33919 | Elf:3    | Noticed a Tzitzimitl
 34220 | Elf:3    | Reached XP level 20. HP: 85/111 MP: 27/27
 34620 | Elf:3    | Got a scorched silver ring
 34844 | Elf:3    | Elyvilon protects you from harm!
 34950 | Elf:3    | Got an ancient scimitar {holy}
 35042 | Elf:3    | Identified the ring "Tomp" {rElec rPois Str-4 Int+8} (You took it off a deep elf death mage on level 3 of the Elven Halls)
 35044 | Elf:3    | Identified the +2 scimitar of Igoeggua {holy, rElec rF- Str-4 Dex+9} (You took it off a deep elf demonologist on level 3 of the Elven Halls)
 35057 | Elf:3    | Got a shimmering chain mail
 35058 | Elf:3    | Identified the +1 chain mail "Rumyicw" {*Corrode +Inv rC+} (You found it on level 3 of the Elven Halls)
 35245 | Orc:2    | Bought a scroll of acquirement for 728 gold pieces
 35488 | Slime:1  | Entered Level 1 of the Pits of Slime
 35494 | Slime:1  | Gained mutation: Your spells are a little easier to cast, but a little less powerful. [a shining eye]
 35553 | Slime:5  | Entered Level 5 of the Pits of Slime
 35630 | Slime:5  | Found a viscous altar of Jiyva.
 35631 | Slime:5  | Noticed the Royal Jelly
 35666 | Slime:5  | Killed the Royal Jelly
 35667 | Slime:5  | Gained mutation: You tend to lose your temper in combat. [a shining eye]
 35747 | Slime:5  | Reached XP level 21. HP: 87/115 MP: 28/28
 35802 | Slime:5  | Identified the Disquisition on Burning Arcane Weapons
 35838 | Slime:5  | Got a transparent bronze ring
 35839 | Slime:5  | Identified the ring of the Briny Deep {+Blink MR+ AC+2} (You found it on level 5 of the Pits of Slime)
 35856 | Slime:5  | Got a crude amethyst amulet
 35888 | Slime:5  | Got a slimy rune of Zot
 35892 | Slime:5  | Got a warped brass ring
 35956 | Lair:5   | Lost mutation: You tend to lose your temper in combat. [potion of cure mutation]
 35956 | Lair:5   | Lost mutation: Your spells are a little easier to cast, but a little less powerful. [potion of cure mutation]
 36068 | D:10     | Identified the ring "Voikhei" {rPois rF+ rN+ MR- Int+3} (You found it on level 5 of the Pits of Slime)
 36073 | D:10     | Identified the amulet of the Catamount {Spirit +Blink rElec rC+++ Str-3} (You found it on level 5 of the Pits of Slime)
 36400 | Depths:1 | Entered Level 1 of the Depths
 36400 | Depths:1 | Found a gateway to Hell.
 36440 | Depths:1 | Reached skill level 15 in Shields
 36470 | Depths:1 | Reached skill level 1 in Maces & Flails
 36535 | Depths:1 | Reached skill level 5 in Maces & Flails
 36633 | Depths:1 | Found Uptith's Demolitions Depot.
 37213 | Depths:1 | Found a one-way gate to the infinite horrors of the Abyss.
 37398 | Depths:2 | Reached skill level 10 in Maces & Flails
 38141 | Depths:3 | Identified the cursed +1 chain mail "Jalob" {Int+7} (You found it on level 3 of the Depths)
 38354 | Depths:3 | Found Asecatin's General Store.
 38372 | Depths:3 | Found a one-way gate leading to the halls of Pandemonium.
 38411 | Depths:3 | Reached XP level 22. HP: 107/120 MP: 24/29
 39187 | Depths:4 | Found a deep blue altar of Sif Muna.
 39238 | Depths:4 | Got a clouded bronze ring
 39239 | Depths:4 | Identified the ring of Xom's Fair Game {-Tele +Fly rElec rN+ Str+2 Dex+4} (You found it on level 4 of the Depths)
 39251 | Depths:4 | Identified Further Steps in Thaumaturgy
 39525 | Depths:4 | Found Wopyrr's Armour Boutique.
 39632 | Depths:4 | Reached skill level 15 in Maces & Flails
 40101 | Depths:5 | Entered Level 5 of the Depths
 40451 | Depths:5 | Found a gateway to a ziggurat.
 40493 | Depths:5 | Found a gate to the Realm of Zot.
 40835 | Zig:1    | Entered Level 1 of a ziggurat
 40856 | Zig:2    | Entered Level 2 of a ziggurat
 40892 | Zig:3    | Entered Level 3 of a ziggurat
 40910 | Zig:3    | Reached XP level 23. HP: 104/125 MP: 26/30
 40950 | Zig:4    | Entered Level 4 of a ziggurat
 40983 | Zig:4    | Identified the cursed +1 plate armour "Rosut" {rN++} (You found it on level 4 of a ziggurat)
 40997 | Zig:5    | Entered Level 5 of a ziggurat
 41025 | Zig:5    | Identified the +0 robe of the Orb Guardian {Dex+3 Slay+3} (You found it on level 5 of a ziggurat)
 41033 | Zig:5    | Identified the +6 plate armour of Quantum Leap {-Cast rElec rC+ Dex+2} (You found it on level 5 of a ziggurat)
 41083 | Zot:1    | Entered Level 1 of the Realm of Zot
 41118 | Zot:1    | Got a brightly glowing cloak
 41133 | Zot:1    | Identified the +1 cloak "Zohinish" {*Slow Int+7 Slay+3} (You acquired it on level 1 of the Realm of Zot)
 41185 | Zot:2    | Noticed a golden dragon
 41194 | Zot:2    | Killed a golden dragon
 41272 | Zot:4    | Reached skill level 15 in Fighting
 41342 | Zot:5    | Entered Level 5 of the Realm of Zot
 41462 | Zot:5    | Noticed a golden dragon
 41477 | Zot:5    | Killed a golden dragon
 41498 | Zot:5    | Noticed a golden dragon
 41506 | Zot:5    | Killed a golden dragon
 41536 | Zot:5    | Noticed an ancient lich
 41538 | Zot:5    | Noticed a Killer Klown
 41559 | Zot:5    | Killed a Killer Klown
 41582 | Zot:5    | Noticed a Killer Klown
 41587 | Zot:5    | Noticed an orb of fire
 41589 | Zot:5    | Noticed a Killer Klown
 41597 | Zot:5    | Noticed a Killer Klown
 41604 | Zot:5    | Killed an orb of fire
 41607 | Zot:5    | Noticed an orb of fire
 41609 | Zot:5    | Noticed an orb of fire
 41609 | Zot:5    | Killed a Killer Klown
 41618 | Zot:5    | Killed an orb of fire
 41618 | Zot:5    | Reached skill level 15 in Armour
 41628 | Zot:5    | Killed an orb of fire
 41628 | Zot:5    | Reached skill level 16 in Fighting
 41633 | Zot:5    | Killed a Killer Klown
 41645 | Zot:5    | Killed a Killer Klown
 41654 | Zot:5    | Killed an ancient lich
 41654 | Zot:5    | Reached XP level 24. HP: 128/133 MP: 30/30
 41732 | Zot:5    | Got the Orb of Zot
 41739 | Zot:5    | Noticed Ulezug the pandemonium lord
 41758 | Zot:5    | Noticed a Killer Klown
 41778 | Zot:5    | Paralysed by the power of Zot for 4 turns
 41829 | Zot:5    | Killed Ulezug the pandemonium lord
 41851 | Zot:5    | Noticed a curse toe
 41865 | Zot:5    | Killed a curse toe
 41877 | Zot:5    | Reached skill level 17 in Fighting
 42390 | D:$      | Escaped with the Orb!

Vault maps used:
D:1:      zelgadis_glass_arrival_large
D:2:      uniq_robin
D:3:      uniq_jessica
D:4:      nicolae_qazlal_eye_of_the_storm, guppyfry_early_orc_mine,
          uniq_blork_the_orc
D:5:      first_bread
D:6:      lemuel_ratsnest
D:7:      overflow_temple_1_default, serial_shops, shop,
          nicolae_ossuary_entry_ruins, basic_altar, uniq_pikel
D:8:      nicolae_dithmenos_the_darkroom, elyvilon_altar_5, grunt_ogre_cave
D:9:      nicolae_ashenzari_panopticon
D:10:     david_lair_generic, enter_bailey_3, serial_shops, kennysheep_mini
D:11:     minmay_diamond_stairs, xom_shifter_show
D:12:     orc_0_dummy, portal_ice_cave_demonic_guard, grunt_gozag_statues
D:13:     grunt_vaults_entry_tiered, introduction_to_nature_2
D:14:     stair_cage_line, abandoned_shop, spider_trap, uniq_snorg
D:15:     hangedman_depths_entry_try_elsewhere_first, minmay_misc_feat_pillars,
          serial_shops, shop, minmay_misc_feat_cross, uniq_josephine
Temple:   eino_temple_scatter_basement
Lair:1:   serial_bayou_lagoon_a, infiniplex_staircase_pool_2, lemuel_fruit_tree,
          uniq_sonja
Lair:2:   spider_nest_entry_funnel_web, serial_bayou_shore_b
Lair:3:   nicolae_swamp_entry_splash_gauntlet, nicolae_quartered_pool_little,
          uniq_urug
Lair:4:   minmay_lair_oklob_tunnel, cheibrodos_lair_lostbears,
          minmay_lair_oklob_chamber, grunt_megastairs_2, uniq_harold
Lair:5:   slime_altar_2, beast_lair_carwin_10, grunt_megastairs_1,
          infiniplex_staircase_pool, lemuel_fruit_fields, serial_bayou_shore_b
Lair:6:   cheibrodos_lair_end_hotspot, nicolae_volcano_entry_hallway
Swamp:1:  nicolae_swamp_feature_on_the_river_bank
Swamp:2:  evilmike_swamp_ruin_house_6, swamp_pool2
Swamp:3:  basic_altar, swamp_pool1, st_swamp_ruins_4
Swamp:4:  swamp_fiery, swamp_pool1, uniq_roxanne
Spider:1: spider_trap, guppyfry_spider_mini_1
Spider:3: nicolae_spider_cling_ruins, uniq_kirke
Spider:4: grunt_spider_rune_parallel, nicolae_looking_at_the_future
Orc:2:    st_orc_congregation, nicolae_orc_rockfall, uniq_donald
Elf:1:    minmay_elf_arrival_plus, minmay_elf_necromancy, uniq_aizul
Elf:2:    serial_sigils_hangedman_leer
Elf:3:    elf_hall
Depths:1: hell_entry, abyss_entry, minmay_misc_feat_ornament,
          minmay_misc_feat_five, nicolae_blasting_shop, serial_bayou_shore_b
Depths:2: hangedman_cross_stitches, lightli_too_deep, spider_trap,
          solitary_fountain, minmay_staircase_windowed_small
Depths:3: evilmike_wizard_prison, rand_demon_pan_entry_3,
          infiniplex_staircase_zigzag_4, grunt_hell_entry_dis_old, serial_shops,
          nicolae_shop_crystal, minmay_misc_feat_tiny, basic_stair_grate_trap
Depths:4: minmay_crystal_thing, pf_hell_entry_great_geh,
          hangedman_decor_slide_cut, serial_shops, nicolae_shop_stone,
          abyss_entry_crystal, minmay_staircase_bubble
Depths:5: grunt_twist_and_shout, enter_ziggurat_b, pan_entry, hell_entry
Ossuary:  ossuary_tomb_2
Bailey:   bailey_polearm_gnolls_kennysheep, bailey
IceCv:    ice_cave_small_necro
Volcano:  volcano_tomb

Skill      XL: |  1  2  3  4  5  6  7  8  9 10 11 12 13 14 15 16 17 18 19 20 21 22 23 24 |
---------------+-------------------------------------------------------------------------+-----
Fighting       | 1 2 3 4 5 6 7 8 9 10 11 12 13 14 16 17 | 17.2
Dodging        | 2 3 4 5 6 7 8 9 10 11 12 13 14 | 14.7
Short Blades   | 1 |  1.6
Long Blades    | 1 2 3 4 6 7 8 9 10 11 12 13 14 | 14.0
Stealth        | 3 5 8 9 |  9.9
Shields        | 1 3 5 6 7 8 9 10 11 12 13 14 15 | 15.0
Invocations    | 2 4 6 7 9 |  9.0
Armour         | 2 4 6 7 8 9 10 11 12 13 15 16 | 16.1
Maces & Flails | 13 16 | 16.0
Evocations     | |  2.6

Action                   |  1- 3 |  4- 6 |  7- 9 | 10-12 | 13-15 | 16-18 | 19-21 | 22-24 || total
-------------------------+-------+-------+-------+-------+-------+-------+-------+-------++-------
Melee: Short sword       |   107 |   137 |   421 |   873 |   204 |       |       |       ||  1742
       Bite              |    27 |    38 |   171 |   551 |  1165 |   762 |   552 |   423 ||  3689
       Falchion          |       |     1 |    82 |    23 |       |       |       |       ||   106
       Long sword        |       |       |       |   375 |   262 |   204 |       |       ||   841
       Dagger            |       |       |       |       |  1546 |    16 |       |       ||  1562
       Shillelagh        |       |       |       |       |    14 |       |       |    30 ||    44
       Scimitar          |       |       |       |       |       |  1079 |   947 |       ||  2026
       Eveningstar       |       |       |       |       |       |       |   134 |   757 ||   891
Throw: Javelin           |       |       |       |       |     6 |       |       |       ||     6
       Throwing net      |       |       |       |       |     1 |       |       |     4 ||     5
Invok: Lesser Healing    |       |       |       |     8 |       |       |       |     8 ||    16
       Heal Other        |       |       |       |     4 |     2 |    33 |     2 |       ||    41
       Purification      |       |       |       |     2 |       |     3 |       |     1 ||     6
       Greater Healing   |       |       |       |       |     7 |     4 |    12 |    12 ||    35
Evoke: Wand              |     1 |     2 |       |    33 |     7 |     2 |     2 |    14 ||    61
       Box of beasts     |       |       |       |     1 |     1 |       |       |       ||     2
       Lightning rod     |       |       |       |       |     4 |    12 |     4 |       ||    20
  Use: Potion            |     1 |     1 |     6 |     1 |     1 |     2 |     6 |    10 ||    28
       Scroll            |       |     5 |     6 |     7 |    13 |     3 |    31 |    15 ||    80
 Stab: Sleeping          |       |       |    13 |     7 |    14 |    12 |    15 |     3 ||    64
       Distracted        |       |       |     1 |     1 |     1 |     4 |       |     4 ||    11
       Invisible         |       |       |     1 |       |       |       |       |       ||     1
       Held in net/web   |       |       |       |       |     2 |       |       |     1 ||     3
       Confused          |       |       |       |       |       |     5 |       |       ||     5
  Eat: Chunk             |     2 |     6 |    10 |    13 |    31 |    11 |       |       ||    73
       Meat ration       |       |       |       |     3 |     2 |     6 |     8 |     2 ||    21
       Fruit             |       |       |       |     1 |       |       |       |       ||     1
       Pizza             |       |       |       |       |     1 |     7 |     3 |     1 ||    12
       Royal jelly       |       |       |       |       |       |       |     1 |       ||     1
       Bread ration      |       |       |       |       |       |       |       |     4 ||     4
Armor: Ring mail         |    50 |    45 |   141 |    63 |       |       |       |       ||   299
       Chain mail        |       |       |       |   293 |   484 |   534 |   217 |   195 ||  1723
       Plate armour      |       |       |       |       |       |       |       |   149 ||   149
Dodge: Dodged            |    59 |    72 |   339 |   352 |   570 |   693 |   346 |   405 ||  2836
Block: Shield            |       |       |     7 |  1087 |  1488 |  1370 |   789 |   717 ||  5458
       Rpst.: Falchion   |       |       |    24 |     2 |       |       |       |       ||    26
       Long sword        |       |       |       |    24 |    39 |    17 |       |       ||    80
       Scimitar          |       |       |       |       |       |   116 |    55 |       ||   171
